 Dungeon Crawl Stone Soup version 0.22-a0-402-ga933591 (webtiles) character file.

964 GameOver the Conjurer (level 8, -21/62 HPs)
             Began as a Naga Wizard on May 6, 2018.
             Was a Believer of Cheibriados.
             Demolished by a two-headed ogre
             ... wielding a +0 giant spiked club
              (27 damage)
             ... on level 6 of the Dungeon.
             The game lasted 00:23:39 (3499 turns).

GameOver the Conjurer (Naga Wizard)                 Turns: 3499, Time: 00:23:40

Health: -21/62     AC:  6    Str: 14    XL:     8   Next: 15%
Magic:  3/12       EV: 10    Int: 25    God:    Cheibriados [**....]
Gold:   206        SH:  0    Dex: 13    Spells: 7/13 levels left

rFire    . . .     SeeInvis +   p - +2 long sword (curse)
rCold    . . .     Gourm    .   (no shield)
rNeg     . . .     Faith    .   l - +0 leather armour
rPois    +         Spirit   .   b - +1 hat
rElec    .         Reflect  .   (no cloak)
rCorr    .         Harm     .   m - +0 pair of gloves
MR       +....                  (no barding)
Stlth    ++........             (no amulet)
HPRegen  0.20/turn              (no ring)
MPRegen  0.13/turn              (no ring)

@: very slightly contaminated, very slow
A: large, see invisible, deformed body, poison resistance, slowness 2, slow
metabolism 1, spit poison 1, AC +2
a: Spit Poison, Bend Time, Renounce Religion


You were on level 6 of the Dungeon.
You worshipped Cheibriados.
Cheibriados was pleased with you.
You were not hungry.

You visited 2 branches of the dungeon, and saw 7 of its levels.

You collected 206 gold pieces.

Inventory:

Hand Weapons
 p - a cursed +2 long sword (weapon)
 s - a +2 falchion of flaming
 v - a +2 hunting sling of velocity
 w - a +2 short sword of venom
Missiles
 e - 34 arrows
 q - 8 javelins (quivered)
 u - 35 bolts
Armour
 a - a +0 buckler
 b - a +1 hat (worn)
 l - a +0 leather armour (worn)
 m - a +0 pair of gloves (worn)
Wands
 k - a wand of iceblast (3)
 r - a wand of flame (37)
Scrolls
 f - a scroll of enchant armour
 g - a scroll of amnesia {unknown}
 h - 3 scrolls of blinking
 i - 3 scrolls of teleportation
 j - 2 scrolls of enchant weapon
 t - a scroll of magic mapping {unknown}
Potions
 c - 2 potions of ambrosia {unknown}
 n - 2 potions of heal wounds
 o - a potion of resistance
 x - a potion of haste {unknown}
Comestibles
 d - 3 rations
 z - a chunk of flesh


   Skills:
 + Level 3.5 Long Blades
 + Level 3.3 Armour
 + Level 2.0 Dodging
 - Level 4.0 Stealth
 - Level 3.0 Spellcasting
 - Level 5.2 Conjurations
   Level 1.0 Summonings
 - Level 1.0 Translocations
 - Level 5.0 Poison Magic


You had 7 spell levels left.
You knew the following spells:

 Your Spells              Type           Power        Failure   Level  Hunger
a - Magic Dart            Conj           ####         1%          1    None
b - Blink                 Tloc           N/A          12%         2    ##.....
s - Mephitic Cloud        Conj/Pois/Air  ###.....     9%          3    ###....


Dungeon Overview and Level Annotations

Branches:
Dungeon (6/15)             Temple (1/1) D:4

Altars:
Ashenzari
Cheibriados
Dithmenos
Elyvilon
Gozag
Hepliaklqana
Okawaru
Ru
Sif Muna
Trog
Uskayaw
Vehumet
Wu Jian
Xom
Yredelemnul
The Shining One

Shops:
D:5 (

Annotations:
D:3 emperorscorpion's ghost, amateur GrFi


Innate Abilities, Weirdness & Mutations

You cannot wear boots.
Your serpentine skin is tough. (AC +2)
You have supernaturally acute eyesight. (SInv)
Armour fits poorly on your strangely shaped body.
Your system is resistant to poisons. (rPois)
You cover ground very slowly.
You have a slow metabolism.
You can spit poison.


Message History

The ball explodes into a vile cloud!
The stinking cloud engulfs the two-headed ogre.
The two-headed ogre is almost dead.
The stinking cloud engulfs you!
You hear a shout!
You hear an angry hiss.
Unknown command.
You hit the two-headed ogre.
The two-headed ogre is almost dead.
The two-headed ogre is engulfed in noxious fumes.
The two-headed ogre barely misses you.
You riposte.
You closely miss the two-headed ogre.
The two-headed ogre is almost dead.
The two-headed ogre barely misses you.
You hit the two-headed ogre but do no damage.
The two-headed ogre is almost dead.
The two-headed ogre is engulfed in noxious fumes.
The two-headed ogre hits you with a giant spiked club!
* * * LOW HITPOINT WARNING * * *
The two-headed ogre hits you with a giant club!!
You die...

#####
#################...
#>.............§#.######
#..............O@.......
####.......####§..######
#.....))# ##..#
#...†...# #..# #.......#
#..# #.......# ##.#
#.)[....# #†# #.......#
#.......O.. #.......#
#..........


You could see a two-headed ogre.

Vanquished Creatures
  Menkaure (D:4)
  An ogre (D:4)
  A gnoll sergeant (D:5)
  A scorpion (D:6)
  3 wights (D:6)
  2 electric eels (D:5)
  A jelly (D:6)
  2 hounds
  2 iguanas (D:6)
  An orc wizard (D:4)
  4 worker ants
  A howler monkey skeleton (D:4)
  7 adders
  5 gnolls (D:5)
  An ooze (D:3)
  A worm (D:3)
  A dart slug (D:2)
  A leopard gecko (D:5)
  13 orcs
  5 giant cockroaches
  5 goblins
  8 hobgoblins
  3 ball pythons
  3 bats (D:3)
  A frilled lizard (D:2)
  5 kobolds
  A quokka skeleton (D:5)
  5 rats
85 creatures vanquished.

Notes
Turn   | Place    | Note
-------+----------+-------------------------------------------
     0 | D:1      | GameOver the Naga Wizard began the quest for the Orb.
     0 | D:1      | Reached XP level 1. HP: 15/15 MP: 4/4
   108 | D:1      | Reached XP level 2. HP: 22/22 MP: 0/6
   672 | D:2      | Found a sacrificial altar of Ru.
   685 | D:2      | Reached XP level 3. HP: 28/28 MP: 1/7
   705 | D:2      | Learned a level 2 spell: Blink
   709 | D:2      | Learned a level 3 spell: Mephitic Cloud
  1165 | D:2      | Found a bloodstained altar of Trog.
  1252 | D:3      | Reached skill level 1 in Poison Magic
  1308 | D:3      | Found a basalt altar of Yredelemnul.
  1370 | D:3      | Noticed emperorscorpion's ghost (amateur GrFi)
  1376 | D:3      | Reached XP level 4. HP: 36/36 MP: 6/8
  1538 | D:4      | Found an ornate altar of the Wu Jian Council.
  1543 | D:4      | Found a hazy altar of Hepliaklqana.
  1546 | D:4      | Found a deep blue altar of Sif Muna.
  1549 | D:4      | Found a shattered altar of Ashenzari.
  1635 | D:4      | Reached XP level 5. HP: 35/42 MP: 4/9
  1655 | D:4      | Noticed an ogre
  1662 | D:4      | Killed an ogre
  1742 | D:3      | Reached XP level 6. HP: 43/49 MP: 2/10
  1774 | D:4      | Found a staircase to the Ecumenical Temple.
  1783 | Temple   | Entered the Ecumenical Temple
  2019 | Temple   | Became a worshipper of Cheibriados the Contemplative
  2157 | D:4      | Found a shadowy altar of Dithmenos.
  2220 | D:4      | Noticed Menkaure
  2228 | D:4      | Killed Menkaure
  2228 | D:4      | Reached skill level 5 in Conjurations
  2392 | D:5      | Entered Level 5 of the Dungeon
  2425 | D:5      | Reached skill level 1 in Armour
  2517 | D:5      | Reached skill level 1 in Long Blades
  2517 | D:5      | Reached XP level 7. HP: 50/55 MP: 3/11
  2524 | D:5      | Reached * piety under Cheibriados
  2593 | D:5      | Found a transporter.
  2608 | D:5      | Found a transporter.
  2812 | D:5      | Reached skill level 5 in Poison Magic
  2866 | D:5      | Found Plog's Antique Weapon Shoppe.
  3049 | D:5      | Found a glowing golden altar of the Shining One.
  3335 | D:6      | Reached ** piety under Cheibriados
  3335 | D:6      | Reached XP level 8. HP: 62/62 MP: 7/12
  3340 | D:6      | Noticed a two-headed ogre
  3499 | D:6      | Demolished by a two-headed ogre

Vault maps used:
D:1:      dpeg_arrival_water_temple_mockup, minmay_close_crescents
D:2:      bloody_trog, nicolae_ru_sacrificial_ziggurat
D:3:      grunt_temple_overflow_growth_and_decay, lemuel_crystal_altar,
          first_ration
D:4:      grunt_temple_overflow_cloverleaf, grunt_dithmenos_smoke_and_mirrors,
          minmay_temple_entry_statues_fountains, uniq_menkaure
D:5:      gammafunk_steamed_eel, serial_shops, kennysheep_mini, tso_altar
Temple:   compressed_dpeg_triangle_lava_temple

Skill      XL: |  1  2  3  4  5  6  7  8 |
---------------+-------------------------+-----
Conjurations   | 2 3 4 5 |  5.2
Stealth        | 4 |  4.0
Poison Magic   | 1 2 3 4 5 |  5.0
Armour         | 1 3 |  3.3
Long Blades    | 1 3 |  3.5
Dodging        | 2 |  2.0
Spellcasting   | |  3.0
Summonings     | |  1.0
Translocations | |  1.0

Action                   |  1- 3 |  4- 6 |  7- 9 || total
-------------------------+-------+-------+-------++-------
Melee: Dagger            |     2 |       |       ||     2
       Short sword       |       |    20 |       ||    20
       Falchion          |       |     4 |    14 ||    18
       Long sword        |       |       |    27 ||    27
 Cast: Magic Dart        |    49 |    47 |    40 ||   136
       Mephitic Cloud    |       |     2 |    10 ||    12
 Abil: Spit Poison       |    28 |    16 |    17 ||    61
Evoke: Wand              |       |       |    12 ||    12
  Use: Scroll            |     9 |     3 |     1 ||    13
       Potion            |       |     1 |     2 ||     3
 Stab: Sleeping          |       |     1 |       ||     1
  Eat: Chunk             |     2 |     5 |     4 ||    11
Armor: Robe              |     5 |       |       ||     5
       Leather armour    |       |     1 |     9 ||    10
       Skin              |       |     1 |     3 ||     4
Dodge: Dodged            |     9 |     8 |    15 ||    32
       Rpst.: Falchion   |       |       |     1 ||     1
       Long sword        |       |       |     2 ||     2

Table legend:
 A = Spawn XP
 B = Non-spawn XP
 C = Spawn XP percentage of total XP
 D = Spawn monster count
 E = Non-spawn monster count
 F = Spawn count percentage of total count
 G = Total turns spent on level
                    A         B        C        D         E        F      G
               +---------+---------+-------+---------+---------+-------+---------
         Total |       0 |    1378 |   0.0 |       0 |      85 |   0.0 |  3499
               +---------+---------+-------+---------+---------+-------+---------
           D:1 |       0 |      25 |   0.0 |       0 |      16 |   0.0 |   606
           D:2 |       0 |      38 |   0.0 |       0 |       8 |   0.0 |   603
           D:3 |       0 |      33 |   0.0 |       0 |      13 |   0.0 |   287
           D:4 |       0 |     404 |   0.0 |       0 |      13 |   0.0 |   647
           D:5 |       0 |     421 |   0.0 |       0 |      19 |   0.0 |   679
           D:6 |       0 |     457 |   0.0 |       0 |      16 |   0.0 |   428
               +---------+---------+-------+---------+---------+-------+---------
